TOP OF THE 1ST |
Indian Hills Voodoo batting - Pitching for Grand Rapids Dutch Ovens : RHP Martin Laborde
|
Pitching: RHP Martin Laborde
|
|
Batting: LHB Dave Wilkinson
|
0-0: Ball 1-0: Called Strike 1-1: Ball 2-1: Called Strike 2-2: Foul Ball, location: 2F 2-2: Foul Ball, location: 2F 2-2: Strikes out swinging
|
Batting: RHB Enrique García
|
0-0: Called Strike 0-1: Reached on error, E4 (Popup, 4D)
|
Batting: RHB Nelson Zavala
|
0-0: Swinging Strike 0-1: Called Strike Enrique García steals 2nd base 0-2: Ball 1-2: Ball 2-2: Strikes out swinging
|
Batting: RHB Dave Cooke
|
0-0: Ground out 5-3 (Groundball, 56)
|
Top of the 1st over - 0 runs, 0 hits, 1 error, 1 left on base; Indian Hills 0 - Grand Rapids 0 |
BOTTOM OF THE 1ST |
Grand Rapids Dutch Ovens batting - Pitching for Indian Hills Voodoo : LHP Ruggiero Bianchi
|
Pitching: LHP Ruggiero Bianchi
|
|
Batting: RHB Weldon Bell
|
0-0: Ball 1-0: Ball 2-0: Called Strike 2-1: Ball 3-1: Ground out 6-3 (Groundball, 6)
|
Batting: LHB Mike Richardson
|
0-0: Ball 1-0: Fly out, F9 (Line Drive, 9D)
|
Batting: RHB Víctor López
|
0-0: Ball 1-0: Ball 2-0: Ground out U3 (Groundball, 34)
|
Bottom of the 1st over - 0 runs, 0 hits, 0 errors, 0 left on base; Indian Hills 0 - Grand Rapids 0 |
TOP OF THE 2ND |
Indian Hills Voodoo batting - Pitching for Grand Rapids Dutch Ovens : RHP Martin Laborde
|
Batting: RHB Ernesto Reyes
|
0-0: Ball 1-0: Called Strike 1-1: Ball 2-1: Ball 3-1: Base on Balls
|
Batting: RHB Yeong-seon Kim
|
0-0: Called Strike 0-1: Ground out 6-3 (Groundball, 6S) Ernesto Reyes to second
|
Batting: RHB Tim Wise
|
0-0: Foul Ball, location: 2F 0-1: Ball 1-1: Fly out, F7 (Line Drive, 7S)
|
Batting: LHB Steve Jones
|
0-0: Fly out, F9 (Line Drive, 9S)
|
Top of the 2nd over - 0 runs, 0 hits, 0 errors, 1 left on base; Indian Hills 0 - Grand Rapids 0 |
BOTTOM OF THE 2ND |
Grand Rapids Dutch Ovens batting - Pitching for Indian Hills Voodoo : LHP Ruggiero Bianchi
|
Batting: RHB Frank Ruffin
|
0-0: Ball 1-0: Ball 2-0: Ball 3-0: Called Strike 3-1: Foul Ball, location: 2F 3-2: Foul Ball, location: 2F 3-2: Fly out, F7 (Flyball, 7LS)
|
Batting: LHB Michael Robertson
|
0-0: Fly out, F8 (Flyball, 8RD)
|
Batting: RHB Flint Ballard
|
0-0: Fly out, F9 (Flyball, 9)
|
Bottom of the 2nd over - 0 runs, 0 hits, 0 errors, 0 left on base; Indian Hills 0 - Grand Rapids 0 |
TOP OF THE 3RD |
Indian Hills Voodoo batting - Pitching for Grand Rapids Dutch Ovens : RHP Martin Laborde
|
Batting: RHB António Cheas
|
0-0: Called Strike 0-1: SINGLE (Line Drive, 8RS)
|
Batting: LHB Dave Wilkinson
|
0-0: Called Strike 0-1: Foul Ball, location: 2F 0-2: Foul Ball, location: 2F 0-2: Ball 1-2: Ball 2-2: Ball 3-2: Base on Balls António Cheas to second
|
Batting: RHB Enrique García
|
0-0: Fly out, F9 (Flyball, 89S)
|
Batting: RHB Nelson Zavala
|
0-0: Ball 1-0: Fly out, F8 (Line Drive, 89M) Runner from 2nd tags up, SAFE at 3rd with throw
|
Batting: RHB Dave Cooke
|
0-0: Ball 1-0: Foul Ball, location: 2F 1-1: Ball 2-1: SINGLE (Groundball, 6MD) António Cheas scores Dave Wilkinson to second Runner from 2nd tries for 3rd, SAFE, no throw
|
Batting: RHB Ernesto Reyes
|
0-0: Ball 1-0: Ball 2-0: Called Strike 2-1: Foul Ball, location: 2F 2-2: Strikes out swinging
|
Top of the 3rd over - 1 run, 2 hits, 0 errors, 2 left on base; Indian Hills 1 - Grand Rapids 0 |
BOTTOM OF THE 3RD |
Grand Rapids Dutch Ovens batting - Pitching for Indian Hills Voodoo : LHP Ruggiero Bianchi
|
Batting: RHB Soon-yul Kim
|
0-0: Ball 1-0: Called Strike 1-1: Called Strike 1-2: Ball 2-2: Foul Ball, location: 2F 2-2: SINGLE (Groundball, 4MD)
|
Batting: LHB Dustin Jones
|
0-0: Grounds into double play, 4-6-3 (Groundball, 4)
|
Batting: LHB Marshall Dunn
|
0-0: Called Strike 0-1: SINGLE (Flyball, 9S)
|
Batting: RHB Weldon Bell
|
0-0: Foul Ball, location: 2F 0-1: Fly out, F8 (Flyball, 8LM)
|
Bottom of the 3rd over - 0 runs, 2 hits, 0 errors, 1 left on base; Indian Hills 1 - Grand Rapids 0 |
TOP OF THE 4TH |
Indian Hills Voodoo batting - Pitching for Grand Rapids Dutch Ovens : RHP Martin Laborde
|
Batting: RHB Yeong-seon Kim
|
0-0: Ball 1-0: Foul Ball, location: 2F 1-1: Called Strike 1-2: Foul Ball, location: 2F 1-2: SINGLE (Line Drive, 7S)
|
Batting: RHB Tim Wise
|
0-0: Ball 1-0: Ball 2-0: Ball 3-0: Called Strike 3-1: Foul Ball, location: 2F 3-2: Strikes out swinging
|
Batting: LHB Steve Jones
|
0-0: Called Strike 0-1: Grounds into double play, 4-6-3 (Groundball, 4)
|
Top of the 4th over - 0 runs, 1 hit, 0 errors, 0 left on base; Indian Hills 1 - Grand Rapids 0 |
BOTTOM OF THE 4TH |
Grand Rapids Dutch Ovens batting - Pitching for Indian Hills Voodoo : LHP Ruggiero Bianchi
|
Batting: LHB Mike Richardson
|
0-0: Ball 1-0: Called Strike 1-1: Foul Ball, location: 2F 1-2: Ball 2-2: Foul Ball, location: 2F 2-2: Strikes out swinging
|
Batting: RHB Víctor López
|
0-0: Ball 1-0: Ground out 5-3 (Groundball, 56)
|
Batting: RHB Frank Ruffin
|
0-0: Ball 1-0: Fly out, F9 (Flyball, 9S)
|
Bottom of the 4th over - 0 runs, 0 hits, 0 errors, 0 left on base; Indian Hills 1 - Grand Rapids 0 |
TOP OF THE 5TH |
Indian Hills Voodoo batting - Pitching for Grand Rapids Dutch Ovens : RHP Martin Laborde
|
Batting: RHB António Cheas
|
0-0: Called Strike 0-1: Fly out, F7 (Flyball, 78M)
|
Batting: LHB Dave Wilkinson
|
0-0: Foul Ball, location: 2F 0-1: Ball 1-1: SINGLE (Line Drive, 89S)
|
Batting: RHB Enrique García
|
0-0: Called Strike 0-1: Ball 1-1: Foul Ball, location: 2F 1-2: Grounds into double play, 6-4-3 (Groundball, 56)
|
Top of the 5th over - 0 runs, 1 hit, 0 errors, 0 left on base; Indian Hills 1 - Grand Rapids 0 |
BOTTOM OF THE 5TH |
Grand Rapids Dutch Ovens batting - Pitching for Indian Hills Voodoo : LHP Ruggiero Bianchi
|
Batting: LHB Michael Robertson
|
0-0: Called Strike 0-1: SINGLE (Flyball, 8LS)
|
Batting: RHB Flint Ballard
|
0-0: Ball 1-0: Ball 2-0: Ball 3-0: Base on Balls Michael Robertson to second
|
Batting: RHB Soon-yul Kim
|
0-0: Ball 1-0: Foul Ball, location: 2F 1-1: Foul Ball, location: 2F 1-2: Ball 2-2: SINGLE (Groundball, 34D) Michael Robertson to third Flint Ballard to second Runner from 3rd tries for Home, SAFE, throw made home
|
Batting: LHB Dustin Jones
|
0-0: Ball 1-0: Foul Ball, location: 2F 1-1: Foul Ball, location: 2F 1-2: Strikes out looking
|
Batting: LHB Marshall Dunn
|
0-0: Foul Ball, location: 2F 0-1: Ball 1-1: Ball 2-1: Swinging Strike 2-2: Ball 3-2: Fly out, F9 (Flyball, 9S)
|
Batting: RHB Weldon Bell
|
0-0: Called Strike 0-1: Hit by Pitch Flint Ballard to third Soon-yul Kim to second
|
Batting: LHB Mike Richardson
|
0-0: Ball 1-0: Called Strike 1-1: Fly out, F3 (Popup, 3SF)
|
Bottom of the 5th over - 1 run, 2 hits, 0 errors, 3 left on base; Indian Hills 1 - Grand Rapids 1 |
TOP OF THE 6TH |
Indian Hills Voodoo batting - Pitching for Grand Rapids Dutch Ovens : RHP Martin Laborde
|
Batting: RHB Nelson Zavala
|
0-0: DOUBLE (Flyball, 89D)
|
Batting: RHB Dave Cooke
|
0-0: Foul Ball, location: 2F 0-1: Ground out 6-3 (Groundball, 6)
|
Batting: RHB Ernesto Reyes
|
0-0: Foul Ball, location: 2F 0-1: Ball 1-1: Fly out, F8 (Flyball, 8RS)
|
Batting: RHB Yeong-seon Kim
|
0-0: Foul Ball, location: 2F 0-1: Swinging Strike 0-2: Ball 1-2: Fly out, F7 (Flyball, 7LS)
|
Top of the 6th over - 0 runs, 1 hit, 0 errors, 1 left on base; Indian Hills 1 - Grand Rapids 1 |
BOTTOM OF THE 6TH |
Grand Rapids Dutch Ovens batting - Pitching for Indian Hills Voodoo : LHP Ruggiero Bianchi
|
Batting: RHB Víctor López
|
0-0: Called Strike 0-1: Ball 1-1: Ball 2-1: Foul Ball, location: 2F 2-2: Strikes out swinging
|
Batting: RHB Frank Ruffin
|
0-0: Ball 1-0: Ball 2-0: Ball 3-0: Called Strike 3-1: Fly out, F8 (Flyball, 8LM)
|
Batting: LHB Michael Robertson
|
0-0: Ball 1-0: Foul Ball, location: 2F 1-1: Foul Ball, location: 2F 1-2: Ball 2-2: Foul Ball, location: 2F 2-2: Foul Ball, location: 2F 2-2: Foul Ball, location: 2F 2-2: Fly out, F8 (Flyball, 78XD)
|
Bottom of the 6th over - 0 runs, 0 hits, 0 errors, 0 left on base; Indian Hills 1 - Grand Rapids 1 |
TOP OF THE 7TH |
Indian Hills Voodoo batting - Pitching for Grand Rapids Dutch Ovens : RHP Martin Laborde
|
Pinch Hitting: LHB Guang Miao
|
0-0: Ball 1-0: Ground out 6-3 (Groundball, 6)
|
Pinch Hitting: RHB Juan Romero
|
0-0: Fly out, F8 (Flyball, 8LS)
|
Pinch Hitting: RHB Dan Hart
|
0-0: Ball 1-0: Fly out, F9 (Flyball, 9S)
|
Top of the 7th over - 0 runs, 0 hits, 0 errors, 0 left on base; Indian Hills 1 - Grand Rapids 1 |
BOTTOM OF THE 7TH |
Grand Rapids Dutch Ovens batting - Pitching for Indian Hills Voodoo : LHP Ruggiero Bianchi
|
Now at 2B: Juan Romero
|
|
Now at 3B: Dan Hart
|
|
Now in RF: Guang Miao
|
|
Batting: RHB Flint Ballard
|
0-0: Foul Ball, location: 2F 0-1: Ball 1-1: SINGLE (Groundball, 56D)
|
Pinch Hitting: RHB Earl Davis
|
0-0: Ball 1-0: Sac Bunt - play at first, batter OUT! 5-4 Flint Ballard to second
|
Batting: LHB Dustin Jones
|
0-0: Called Strike 0-1: Foul Ball, location: 2F 0-2: Ball 1-2: Ground out 3-1 (Groundball, 34) Flint Ballard to third
|
Batting: LHB Marshall Dunn
|
0-0: Foul Ball, location: 2F 0-1: Swinging Strike 0-2: Fly out, F6 (Line Drive, 6)
|
Bottom of the 7th over - 0 runs, 1 hit, 0 errors, 1 left on base; Indian Hills 1 - Grand Rapids 1 |
TOP OF THE 8TH |
Indian Hills Voodoo batting - Pitching for Grand Rapids Dutch Ovens : RHP Martin Laborde
|
Now at SS: Rich Bradley
|
|
Batting: LHB Dave Wilkinson
|
0-0: Called Strike 0-1: Ground out 4-3 (Groundball, 4)
|
Batting: RHB Enrique García
|
0-0: Fly out, F4 (Line Drive, 4)
|
Batting: RHB Nelson Zavala
|
0-0: Foul Ball, location: 2F 0-1: Ball 1-1: DOUBLE (Line Drive, 78S)
|
Pinch Hitting: RHB Jon Bush
|
0-0: Called Strike 0-1: Fly out, F8 (Flyball, 89M)
|
Top of the 8th over - 0 runs, 1 hit, 0 errors, 1 left on base; Indian Hills 1 - Grand Rapids 1 |
BOTTOM OF THE 8TH |
Grand Rapids Dutch Ovens batting - Pitching for Indian Hills Voodoo : LHP Ruggiero Bianchi
|
Pitching: RHP Bob Wright
|
|
Now at SS: Jon Bush
|
|
Batting: RHB Weldon Bell
|
0-0: Called Strike 0-1: Ball 1-1: DOUBLE (Flyball, 89D)
|
Batting: LHB Mike Richardson
|
0-0: 2-RUN HOME RUN (Flyball, 9D), Distance : 388 ft
|
Pitching: RHP Lou Jaramillo
|
|
Batting: RHB Víctor López
|
0-0: Called Strike 0-1: Ground out 5-3 (Groundball, 56)
|
Batting: RHB Frank Ruffin
|
0-0: Ball 1-0: Ball 2-0: Called Strike 2-1: Foul Ball, location: 2F 2-2: Ground out 5-3 (Groundball, 56S)
|
Batting: LHB Michael Robertson
|
0-0: Swinging Strike 0-1: Ball 1-1: Foul Ball, location: 2F 1-2: Ball 2-2: Foul Ball, location: 2F 2-2: Ball 3-2: Base on Balls
|
Batting: RHB Flint Ballard
|
0-0: Ball 1-0: Ball 2-0: Foul Ball, location: 2F 2-1: Foul Ball, location: 2F 2-2: Ball 3-2: Fly out, F5 (Line Drive, 56)
|
Bottom of the 8th over - 2 runs, 2 hits, 0 errors, 1 left on base; Indian Hills 1 - Grand Rapids 3 |
TOP OF THE 9TH |
Indian Hills Voodoo batting - Pitching for Grand Rapids Dutch Ovens : RHP Martin Laborde
|
Batting: RHB Ernesto Reyes
|
0-0: Ball 1-0: Called Strike 1-1: Swinging Strike 1-2: SOLO HOME RUN (Flyball, 7LD), Distance : 339 ft
|
Batting: RHB Yeong-seon Kim
|
0-0: Ball 1-0: Called Strike 1-1: SOLO HOME RUN (Flyball, 7LD), Distance : 346 ft
|
Batting: LHB Guang Miao
|
0-0: Called Strike 0-1: Ball 1-1: Ball 2-1: Foul Ball, location: 2F 2-2: Ball 3-2: Strikes out swinging
|
Batting: RHB Juan Romero
|
0-0: Fly out, F9 (Flyball, 9)
|
Batting: RHB Dan Hart
|
0-0: Ball 1-0: Ball 2-0: Called Strike 2-1: Ground out 5-3 (Groundball, 56)
|
Top of the 9th over - 2 runs, 2 hits, 0 errors, 0 left on base; Indian Hills 3 - Grand Rapids 3 |
BOTTOM OF THE 9TH |
Grand Rapids Dutch Ovens batting - Pitching for Indian Hills Voodoo : RHP Lou Jaramillo
|
Pinch Hitting: LHB Gregory Pérez
|
0-0: Ball 1-0: Ball 2-0: Called Strike 2-1: Foul Ball, location: 2F 2-2: Foul Ball, location: 2F 2-2: Ground out U3 (Groundball, 34)
|
Batting: LHB Dustin Jones
|
0-0: Called Strike 0-1: Foul Ball, location: 2F 0-2: Ball 1-2: Fly out, F9 (Flyball, 9LMF)
|
Batting: LHB Marshall Dunn
|
0-0: Ball 1-0: Ground out 4-3 (Groundball, 4)
|
Bottom of the 9th over - 0 runs, 0 hits, 0 errors, 0 left on base; Indian Hills 3 - Grand Rapids 3 |
TOP OF THE 10TH |
Indian Hills Voodoo batting - Pitching for Grand Rapids Dutch Ovens : RHP Martin Laborde
|
Pitching: RHP José Lazado
|
|
Now at SS: Brad Fuller
|
|
Batting: LHB Dave Wilkinson
|
0-0: Called Strike 0-1: SINGLE (Line Drive, 4M)
|
Batting: RHB Enrique García
|
0-0: Bunted foul 0-1: Sac Bunt - play at first, batter OUT! 1-4 Dave Wilkinson to second
|
Batting: RHB Nelson Zavala
|
0-0: Foul Ball, location: 2F 0-1: Foul Ball, location: 2F 0-2: Strikes out swinging
|
Batting: RHB Jon Bush
|
0-0: Called Strike 0-1: Called Strike 0-2: Ball 1-2: Fly out, F1 (Line Drive, 13)
|
Top of the 10th over - 0 runs, 1 hit, 0 errors, 1 left on base; Indian Hills 3 - Grand Rapids 3 |
BOTTOM OF THE 10TH |
Grand Rapids Dutch Ovens batting - Pitching for Indian Hills Voodoo : RHP Lou Jaramillo
|
Batting: RHB Weldon Bell
|
0-0: Called Strike 0-1: Foul Ball, location: 2F 0-2: Ball 1-2: Ball 2-2: Ball 3-2: Strikes out swinging
|
Batting: LHB Mike Richardson
|
0-0: Called Strike 0-1: Ball 1-1: Ball 2-1: Ball 3-1: Base on Balls
|
Pinch Runner at 1st José Martínez:
|
|
Batting: RHB Víctor López
|
0-0: Ball 1-0: Called Strike José Martínez steals 2nd base 1-1: Foul Ball, location: 2F 1-2: Fly out, F4 (Line Drive, 4)
|
Batting: RHB Frank Ruffin
|
0-0: Ball 1-0: Ball 2-0: Ball 3-0: Called Strike 3-1: Base on Balls
|
Batting: LHB Michael Robertson
|
0-0: Ball 1-0: Fly out, F3 (Line Drive, 3)
|
Bottom of the 10th over - 0 runs, 0 hits, 0 errors, 2 left on base; Indian Hills 3 - Grand Rapids 3 |
TOP OF THE 11TH |
Indian Hills Voodoo batting - Pitching for Grand Rapids Dutch Ovens : RHP José Lazado
|
Now at C: Jason Philip
|
|
Batting: RHB Ernesto Reyes
|
0-0: Ball 1-0: Ball 2-0: Ball 3-0: Called Strike 3-1: Foul Ball, location: 2F 3-2: DOUBLE (Line Drive, 9LD)
|
Batting: RHB Yeong-seon Kim
|
0-0: Ball 1-0: Ball 2-0: Ball 3-0: Foul Ball, location: 2F 3-1: Foul Ball, location: 2F 3-2: Strikes out looking
|
Batting: LHB Guang Miao
|
0-0: Ball 1-0: Ball 2-0: Ball 3-0: Base on Balls
|
Batting: RHB Juan Romero
|
0-0: Ball 1-0: Called Strike 1-1: Ball 2-1: Foul Ball, location: 2F 2-2: Foul Ball, location: 2F 2-2: Ball 3-2: Strikes out swinging
|
Batting: RHB Dan Hart
|
0-0: Fielders Choice at 2nd, 5-4 (Groundball, 5)
|
Top of the 11th over - 0 runs, 1 hit, 0 errors, 2 left on base; Indian Hills 3 - Grand Rapids 3 |
BOTTOM OF THE 11TH |
Grand Rapids Dutch Ovens batting - Pitching for Indian Hills Voodoo : RHP Lou Jaramillo
|
Batting: RHB Flint Ballard
|
0-0: Ball 1-0: Ball 2-0: Ball 3-0: Base on Balls
|
Batting: LHB Brad Fuller
|
0-0: Ball 1-0: Called Strike 1-1: Sac Bunt - play at second, runner OUT! 1-6
|
Batting: LHB Dustin Jones
|
0-0: Ball 1-0: Ball 2-0: Ball 3-0: Base on Balls Brad Fuller to second
|
Batting: LHB Marshall Dunn
|
0-0: Ball 1-0: Ball 2-0: Ball Wild Pitch! Brad Fuller to third Dustin Jones to second 3-0: Intentional Walk
|
Batting: RHB Weldon Bell
|
0-0: Ball 1-0: Ball 2-0: GRAND SLAM HOME RUN (Flyball, 7D), Distance : 375 ft
|
Saturday, April 7th, 2018 - OOTP Baseball 18.8 Build 76
|
|